 Dungeon Sprint DCSS version 0.20.1-1-g8b1a95d (console) character file.

8634 hilaritas the End of an Era (level 11, 0/93 HPs)
             Began as a Formicid Fighter on Mar 6, 2018.
             Was the Champion of Qazlal.
             Slain by a naga warrior
             ... wielding a +0 war axe
              (23 damage)
             ... in the Dungeon (Sprint V: "Ziggurat Sprint").
             The game lasted 00:10:52 (1219 turns).

hilaritas the End of an Era (Formicid Fighter)      Turns: 1219, Time: 00:10:53

Health: 0/93       AC: 26    Str: 37    XL:     11   Next: 59%
Magic:  22/22      EV:  3    Int:  7    God:    Qazlal [******]
Gold:   0          SH: 39    Dex: 10    Spells: 2/10 levels left

rFire    + + +     SeeInvis +   x - +7 great mace {inner flame, rF++}
rCold    + . .     Gourm    .   F - +18 shield of the Gong {rElec rN+ MR+ EV-5}
rNeg     + . .     Faith    +   l - +5 gold dragon scales
rPois    +         Spirit   .   (helmet unavailable)
rElec    +         Reflect  .   N - +0 cloak
rCorr    .         Harm     .   (no gloves)
MR       ++...                  J - +1 pair of boots {Stlth+}
Stlth    ..........             R - amulet of faith
Regen    0.3/turn               C - +6 ring of strength
MPRegen  0.2/turn               D - +6 ring of strength

@: protected from fire, constricted, repel missiles
A: permanent stasis, dig shafts and tunnels, four strong arms, antennae 3
a: Dig, Upheaval, Elemental Force, Disaster Area, Renounce Religion


You were in the Dungeon.
You worshipped Qazlal.
Qazlal was exalted by your worship.
You were very hungry.

You visited 1 branch

Inventory:

Hand Weapons
 w - the +10 dark maul {crush}
   (You found it in the Dungeon)

   It inflicts extra damage upon your enemies.
 x - the +7 great mace "Firestarter" (weapon) {inner flame, rF++}
   (You found it in the Dungeon)

   It has been specially enchanted to burn those struck by it, causing extra
   injury to most foes and up to half again as much damage against particularly
   susceptible opponents.
   It greatly protects you from fire.
Armour
 l - +5 gold dragon scales (worn)
 F - the +18 shield of the Gong (worn) {rElec rN+ MR+ EV-5}
   (You found it in the Dungeon)

   It affects your evasion (-5).
   It insulates you from electricity.
   It protects you from negative energy.
   It affects your resistance to hostile enchantments.
 J - a +1 pair of boots of stealth (worn)
 N - a +0 cloak (worn)
Jewellery
 k - the ring of Farchomau {Wiz rElec rC- rN+ MR+++}
   (You found it in the Dungeon)

   [ring of wizardry]

   It improves your spell success rate.
   It makes you vulnerable to cold.
   It insulates you from electricity.
   It protects you from negative energy.
   It affects your resistance to hostile enchantments.
 y - a +6 ring of dexterity
 z - a +6 ring of dexterity
 A - a +6 ring of intelligence
 B - a +6 ring of intelligence
 C - a +6 ring of strength (left hand)
 D - a +6 ring of strength (right hand)
 E - an uncursed ring of flight
 K - a +3 ring of evasion
 L - an uncursed ring of protection from magic
 O - the ring "Qesefuopp" {rCorr rN+ Str+6 Int-5}
   (You found it in the Dungeon)

   [ring of resist corrosion]

   It affects your strength (+6).
   It affects your intelligence (-5).
   It protects you from negative energy.
 R - an amulet of faith (around neck)
Wands
 c - a wand of disintegration (7/24)
 G - a wand of iceblast (5/15)
 H - a wand of lightning (5/15)
 I - a wand of acid (5/15)
Scrolls
 n - 4 scrolls of amnesia
 o - 3 scrolls of recharging
 p - 7 scrolls of fog
 q - a scroll of holy word
 r - 5 scrolls of identify
 s - 5 scrolls of remove curse
 t - 2 scrolls of fear
 P - 2 scrolls of brand weapon
Potions
 b - 2 potions of brilliance
 d - 6 potions of might
 e - 9 potions of curing
 g - 8 potions of heal wounds
 h - 2 potions of invisibility
 i - 7 potions of magic
 j - 4 potions of resistance
 m - 5 potions of agility
Books
 M - the Almanac of Snow
   (You found it in the Dungeon)

   Spells                             Type                      Level
   a - Throw Frost                    Conjuration/Ice              2
   b - Ensorcelled Hibernation        Hexes/Ice                    2
   c - Summon Ice Beast               Ice/Summoning                4
   d - Metabolic Englaciation         Hexes/Ice                    5
   e - Ozocubu's Refrigeration        Ice                          6
Miscellaneous
 a - a lightning rod (4/4)
 Q - a box of beasts
Comestibles
 f - 5 bread rations
 u - 42 fruits
 v - 4 meat rations


   Skills:
 + Level 11.2 Fighting
 * Level 14.4 Maces & Flails
 - Level 10.5 Armour
 - Level 10.2 Dodging
 - Level 10.2 Shields
 - Level 15.3 Invocations


You had 2 spell levels left.
You knew the following spells:

 Your Spells              Type           Power        Failure   Level  Hunger
a - Apportation           Tloc           #.....       99%         1    ##.....
b - Summon Butterflies    Summ           #.......     99%         1    ##.....
c - Tukima's Dance        Hex            #.......     100%        3    ####...
d - Mephitic Cloud        Conj/Pois/Air  #.......     100%        3    ####...


Dungeon Overview and Level Annotations

Branches:
Dungeon (1/1)

Altars:
Ashenzari
Cheibriados
Dithmenos
Elyvilon
Fedhas
Gozag
Hepliaklqana
Kikubaaqudgha
Makhleb
Nemelex Xobeh
Okawaru
Qazlal
Ru
Sif Muna
Trog
Uskayaw
Vehumet
Xom
Yredelemnul
Zin
The Shining One
Beogh
Jiyva
Lugonu


Innate Abilities, Weirdness & Mutations

You cannot be hasted, slowed, berserked, paralysed or teleported.
You can dig through walls and to a lower floor.
Your four strong arms can wield two-handed weapons with a shield.
You have a pair of large antennae on your head. (SInv)


Message History

You hit the naga warrior but do no damage.
The naga warrior is almost dead.
You block the naga warrior's attack.
GONNNNG!
The naga warrior constricts you. You block the naga warrior's attack.
BONNNG!
Unknown command.
You bludgeon the naga warrior!! You burn the naga warrior.
The naga warrior explodes!
The fiery explosion engulfs you! You resist. Qazlal accepts your kill.
Your Maces & Flails skill increases to level 14!
You block the naga warrior's attack.
BONNNG!
The naga warrior constricts you.
You bludgeon the naga warrior!! You burn the naga warrior.
The naga warrior is filled with an inner flame.
The naga warrior is moderately wounded.
The naga warrior hits you with a war axe!!
You die...

▓▓▓▓▓▓▓▓▓▓▓▓▓▓▓▓▓▓▓
▓...8©8...▓ S S
▓...|.|[..▓
▓..)[%?:..▓...|)})..▓
▓..%......▓.........▓
▓%%.......▓.........▓
▓.........▓.........▓
▓..%....%.▓....)....▓
▓...§†§...▓.▓.....▓.▓
▓.▓§§§§§▓.▓.........▓
▓...§@N§..▓▓▓▓▓▓▓▓▓▓▓
▓▓▓▓▓▓▓▓▓▓▓


{{{{{{{{ {{{{{{{{{ {{{{{{{{{{{{{{{{{{ {{{{{{{{{{{{{{{{{{ {{{{{ You could see a
naga warrior (inner flame).

Vanquished Creatures
  A naga warrior (D)
  A hell hog (D)
  A wretched star (D)
  4 toenail golems (D)
  2 guardian serpents (D)
  A smoke demon (D)
  2 black mambas (D)
  A naga mage (D)
  A gargoyle (D)
  2 polar bears (D)
  5 merfolk (D)
  A hippogriff (D)
  Sigmund (D)
  Duvessa (D)
  An ice beast (D)
  An orc warrior (D)
  2 phantoms (D)
  A necrophage (D)
  3 ogres (D)
  Blork the orc (D)
  4 earth elementals (D)
  A wight (D)
  A crimson imp (D)
  2 quasits (D)
  3 orc priests (D)
  2 orc wizards (D)
  3 iron imps (D)
  Ijyb (D)
  Crazy Yiuf (D)
  Jessica (D)
  A small abomination (D)
  2 adders (D)
  A shadow imp (D)
  A white imp (D)
  2 ufetubi (D)
  An adder zombie (D)
  An orc (D)
  A ball python (D)
  A bat skeleton (D)
63 creatures vanquished.

Notes
Turn   | Place    | Note
-------+----------+-------------------------------------------
     0 | D        | hilaritas the Formicid Fighter began the quest for the Orb.
     0 | D        | Reached XP level 1. HP: 18/18 MP: 1/1
     0 | D        | Found a deep blue altar of Sif Muna.
     0 | D        | Found a bloodstained altar of Trog.
     0 | D        | Found a sacrificial altar of Ru.
     0 | D        | Found a stormy altar of Qazlal.
     0 | D        | Found an iron altar of Okawaru.
    19 | D        | Found a blossoming altar of Fedhas.
    22 | D        | Found a sparkling altar of Nemelex Xobeh.
    24 | D        | Found a transporter.
    24 | D        | Found an ancient bone altar of Kikubaaqudgha.
    24 | D        | Found a viscous altar of Jiyva.
    24 | D        | Found a corrupted altar of Lugonu.
    24 | D        | Found a hazy altar of Hepliaklqana.
    24 | D        | Found a burning altar of Makhleb.
    24 | D        | Found an opulent altar of Gozag.
    81 | D        | Became a worshipper of Qazlal Stormbringer
    83 | D        | Reached XP level 2. HP: 24/24 MP: 2/2
    92 | D        | Entered arena 2.
    92 | D        | Noticed a necrophage
    92 | D        | Noticed a wight
    92 | D        | Found a transporter.
    97 | D        | Killed a wight
    97 | D        | Killed a necrophage
    97 | D        | Reached skill level 5 in Fighting
    97 | D        | Reached skill level 3 in Invocations
    97 | D        | Reached XP level 3. HP: 34/34 MP: 2/5
    97 | D        | Reached XP level 4. HP: 40/40 MP: 2/6
    97 | D        | Reached XP level 5. HP: 37/47 MP: 2/7
   104 | D        | Got the ring of Farchomau {Wiz rElec rC- rN+ MR+++}
   163 | D        | Entered arena 3.
   163 | D        | Noticed an ogre
   163 | D        | Noticed an ogre
   163 | D        | Noticed an ogre
   163 | D        | Found a transporter.
   168 | D        | Killed an ogre
   168 | D        | Reached * piety under Qazlal
   168 | D        | Reached skill level 4 in Invocations
   168 | D        | Reached XP level 6. HP: 55/55 MP: 7/9
   172 | D        | Killed an ogre
   172 | D        | Reached skill level 5 in Maces & Flails
   172 | D        | Reached skill level 5 in Invocations
   175 | D        | Killed an ogre
   175 | D        | Reached skill level 10 in Shields
   175 | D        | Reached skill level 6 in Invocations
   175 | D        | Reached XP level 7. HP: 61/63 MP: 8/11
   200 | D        | Entered arena 4.
   200 | D        | Found a transporter.
   201 | D        | Reached ** piety under Qazlal
   211 | D        | Reached *** piety under Qazlal
   211 | D        | Reached skill level 7 in Invocations
   219 | D        | Learned a level 1 spell: Apportation
   221 | D        | Learned a level 1 spell: Summon Butterflies
   225 | D        | Learned a level 3 spell: Tukima's Dance
   228 | D        | Entered arena 5.
   228 | D        | Noticed a polar bear
   228 | D        | Noticed a polar bear
   228 | D        | Found a transporter.
   238 | D        | Killed a polar bear
   238 | D        | Reached skill level 8 in Invocations
   238 | D        | Reached XP level 8. HP: 54/71 MP: 12/14
   241 | D        | Killed a polar bear
   241 | D        | Reached **** piety under Qazlal
   241 | D        | Reached skill level 10 in Maces & Flails
   346 | D        | Entered arena 6.
   346 | D        | Found a transporter.
   357 | D        | Reached skill level 10 in Fighting
   357 | D        | Reached skill level 9 in Invocations
   371 | D        | Got the amulet of the Jester {+Rage +Fly}
   408 | D        | Entered arena 7.
   408 | D        | Noticed Sigmund
   408 | D        | Noticed Jessica
   408 | D        | Noticed Blork the orc
   408 | D        | Noticed Crazy Yiuf
   408 | D        | Noticed Duvessa
   408 | D        | Noticed Ijyb
   409 | D        | Found a transporter.
   410 | D        | Killed Jessica
   410 | D        | Reached ***** piety under Qazlal
   413 | D        | Killed Duvessa
   413 | D        | Reached skill level 1 in Dodging
   420 | D        | Killed Sigmund
   420 | D        | Reached skill level 10 in Invocations
   420 | D        | Reached XP level 9. HP: 70/78 MP: 16/16
   424 | D        | Killed Ijyb
   424 | D        | Killed Blork the orc
   427 | D        | Killed Crazy Yiuf
   457 | D        | Got the ring "Qesefuopp" {rCorr rN+ Str+6 Int-5}
   539 | D        | Entered arena 8.
   539 | D        | Noticed a merfolk
   539 | D        | Noticed a hippogriff
   539 | D        | Noticed a merfolk
   539 | D        | Noticed a merfolk
   539 | D        | Noticed a merfolk
   539 | D        | Noticed a merfolk
   546 | D        | Killed a hippogriff
   547 | D        | Killed a merfolk
   547 | D        | Reached skill level 11 in Invocations
   548 | D        | Killed a merfolk
   548 | D        | Reached skill level 5 in Dodging
   548 | D        | Killed a merfolk
   548 | D        | Reached skill level 10 in Armour
   548 | D        | Killed a merfolk
   548 | D        | Reached ****** piety under Qazlal
   548 | D        | Reached skill level 12 in Invocations
   549 | D        | Found a transporter.
   549 | D        | Killed a merfolk
   549 | D        | Reached XP level 10. HP: 69/85 MP: 16/19
   614 | D        | Entered arena 9.
   615 | D        | Found a transporter.
   639 | D        | Identified the Collected Works on the Frostbite and Calling (You found it in the Dungeon)
   684 | D        | Entered arena 10.
   684 | D        | Noticed a hell hog
   684 | D        | Noticed a wretched star
   684 | D        | Noticed a smoke demon
   685 | D        | Found a transporter.
   689 | D        | Killed a smoke demon
   689 | D        | Reached skill level 13 in Invocations
   690 | D        | Killed a wretched star
   696 | D        | Killed a hell hog
   696 | D        | Reached skill level 14 in Invocations
   722 | D        | Learned a level 3 spell: Mephitic Cloud
   733 | D        | Identified the Almanac of Snow (You found it in the Dungeon)
   733 | D        | Identified the Almanac of Snow (You found it in the Dungeon)
   872 | D        | Entered arena 11.
   872 | D        | Noticed a gargoyle
   872 | D        | Noticed a toenail golem
   872 | D        | Noticed a toenail golem
   872 | D        | Noticed a toenail golem
   872 | D        | Noticed a toenail golem
   880 | D        | Killed a toenail golem
   880 | D        | Killed a gargoyle
   880 | D        | Reached skill level 15 in Invocations
   882 | D        | Killed a toenail golem
   882 | D        | Reached skill level 10 in Dodging
   882 | D        | Reached XP level 11. HP: 80/91 MP: 20/22
   884 | D        | Killed a toenail golem
   887 | D        | Killed a toenail golem
  1164 | D        | Found a transporter.
  1194 | D        | Entered arena 12.
  1196 | D        | Noticed a naga warrior
  1196 | D        | Noticed a naga warrior
  1212 | D        | HP: 8/93 [naga warrior/war axe (16)]
  1212 | D        | HP: 2/93 [naga warrior/war axe (6)]
  1218 | D        | Killed a naga warrior
  1219 | D        | Slain by a naga warrior

Skill      XL: |  1  2  3  4  5  6  7  8  9 10 11 |
---------------+----------------------------------+-----
Armour         | 6 7 10 | 10.5
Shields        | 7 8 9 10 | 10.2
Fighting       | 5 6 7 8 9 10 11 | 11.2
Maces & Flails | 3 4 6 9 10 14 | 14.4
Invocations    | 3 4 6 8 10 12 15 | 15.3
Dodging        | 2 6 10 | 10.2

Action                   |  1- 3 |  4- 6 |  7- 9 | 10-12 || total
-------------------------+-------+-------+-------+-------++-------
Melee: Great mace        |     4 |     9 |    53 |    59 ||   125
Invok: Elemental Force   |       |       |       |     1 ||     1
  Use: Potion            |     1 |       |       |     3 ||     4
Armor: Gold dragon scale |     2 |     2 |    68 |    20 ||    92
Dodge: Dodged            |       |       |     4 |    11 ||    15
       Deflected         |       |       |       |     1 ||     1
Block: Shield            |     8 |    13 |   129 |   132 ||   282
